 Dungeon Crawl Stone Soup version 0.26.1-11-gd32895ea62 (webtiles) character file.

Game seed: 13380936850748109814

107 tardwrangler69 the Poker (level 4, 0/35 HPs)
             Began as a Merfolk Gladiator on Apr 27, 2021.
             Succumbed to kobold's curare-tipped dart
             ... on level 3 of the Dungeon.
             The game lasted 00:01:27 (1404 turns).

tardwrangler69 the Poker (Merfolk Gladiator)        Turns: 1404, Time: 00:01:28

Health: 0/35       AC:  4    Str: 20 (21) XL:     4   Next: 86%
Magic:  4/4        EV: 13    Int:  4 (7)  God:
Gold:   105        SH:  0    Dex: 13 (15) Spells: 3/3 levels left

rFire    . . .     SeeInvis .   a - +0 trident
rCold    . . .     Faith    .   (no shield)
rNeg     . . .     Spirit   .   b - +0 leather armour
rPois    .         Reflect  .   c - +0 helmet
rElec    .         Harm     +   n - scarf {harm}
rCorr    .         Rampage  .   (no gloves)
Will     .....                  (no boots)
Stlth    +.........             (no amulet)
HPRegen  0.11/turn              m - +6 ring of strength
MPRegen  0.09/turn              (no ring)

@: lethally poisoned (0 -> -14), slowed, very slow
A: change form in water, swift swim, stealthy swim
a: no special abilities


You were on level 3 of the Dungeon.
You visited 1 branch of the dungeon, and saw 3 of its levels.

You collected 105 gold pieces.

Inventory:

Hand Weapons
 a - a +0 trident (weapon)
Missiles
 d - 3 throwing nets (quivered)
Armour
 b - a +0 leather armour (worn)
 c - a +0 helmet (worn)
 n - a scarf of harm (worn)
Jewellery
 m - a +6 ring of strength (left hand)
Scrolls
 e - 6 scrolls of identify {unknown}
 f - 2 scrolls of teleportation {unknown}
 h - a scroll of blinking {unknown}
 j - a scroll of immolation {unknown}
 o - 2 scrolls of remove curse {unknown}
 q - a scroll of noise {unknown}
Potions
 g - 2 potions of degeneration
 i - a potion of curing {unknown}
 k - a potion of cancellation {unknown}
 l - a potion of brilliance {unknown}
 p - a potion of attraction {unknown}


   Skills:
 + Level 3.4 Fighting
 * Level 6.9 Polearms
 - Level 2.0 Throwing
 - Level 4.0 Dodging


You had 3 spell levels left.
You didn't know any spells.
Your spell library was empty.

Dungeon Overview and Level Annotations

Branches:
Dungeon (3/15)

Altars:
Yredelemnul

Annotations:
D:2 1 runed translucent door


Message History

Aim: a bat You miss the bat.
The bat closely misses you. x2
Reach: a) +0 trident
Press: ? - help, Dir - move target, f/p - bat
Aim: a bat You puncture the bat!
You kill the bat!
The kobold throws a curare-tipped dart.
The curare-tipped dart hits you.
You are lethally poisoned!
You have difficulty breathing.
* * * LOW HITPOINT WARNING * * *
You feel yourself slow down.
Reach: a) +0 trident
Press: ? - help, Dir - move target, f - you That would be overly suicidal.
Okay, then.
It was a potion of degeneration.
There was something very wrong with that liquid.
You feel weakened.
You feel dopey.
You feel clumsy.
You die...

#........#... ....#
#........#..##.#..#
..........#.#...b.#
..............#
..<.........#
..........#....#
..........####.....
.......#..# #...
.......#@.# ..
..>....#.[#
###....#..#
###...... ##...=.#
....KB. ...#..#
.##.#...


You could see a giant cockroach and a kobold.

Vanquished Creatures
  Jessica (D:3)
  An adder (D:2)
  A gnoll (D:1)
  3 oozes
  2 worms (D:2)
  2 dart slugs (D:1)
  A leopard gecko (D:1)
  A giant cockroach (D:3)
  3 goblins
  4 hobgoblins
  5 kobolds
  A quokka (D:2)
  A ball python (D:2)
  7 bats
  4 frilled lizards
  A kobold zombie (D:2)
  A leopard gecko skeleton (D:2)
  6 rats
45 creatures vanquished.

Notes
Turn   | Place    | Note
-------+----------+-------------------------------------------
     0 | D:1      | tardwrangler69 the Merfolk Gladiator began the quest for
                  | the Orb.
     0 | D:1      | Reached XP level 1. HP: 16/16 MP: 1/1
   139 | D:1      | Reached skill level 5 in Polearms
   139 | D:1      | Reached XP level 2. HP: 23/23 MP: 2/2
   375 | D:1      | Reached XP level 3. HP: 28/28 MP: 3/3
   852 | D:2      | Reached skill level 6 in Polearms
   899 | D:2      | Reached XP level 4. HP: 35/35 MP: 4/4
   900 | D:2      | Found a runed translucent door.
   900 | D:2      | Noticed a human
   914 | D:2      | Found a basalt altar of Yredelemnul.
  1392 | D:3      | Noticed Jessica
  1400 | D:3      | Killed Jessica
  1404 | D:3      | Succumbed to kobold's curare-tipped dart

Illustrated notes

Levels and vault maps discovered:
D:1:      minmay_arrival_open_corners, layout_basic, minmay_unequal
D:2:      layout_basic, dk_yredelemnul_ordeal
D:3:      layout_rooms, cheibrodos_ashenzari_chains, uniq_jessica

Skill      XL: |  1  2  3 |
---------------+----------+-----
Polearms       | 5 6 |  6.9
Fighting       | 3 |  3.4
Throwing       | |  2.0
Dodging        | |  4.0

Action                   |  1- 3 |  4- 6 || total
-------------------------+-------+-------++-------
Melee: Trident           |    70 |    47 ||   117
  Use: Potion            |       |     1 ||     1
 Stab: Sleeping          |     1 |     1 ||     2
Armor: Leather armour    |    15 |     6 ||    21
Dodge: Dodged            |    37 |    28 ||    65
